 Dungeon Crawl Stone Soup version 0.26.0-10-g1f06aea511 (webtiles) character file.

Game seed: 15602688673317822009

492 inc the Vexing (level 6, -1/26 HPs)
             Began as a Felid Enchanter on Jan 30, 2021.
             Was an Initiate of Dithmenos.
             Slain by an orc
             ... wielding a +0 war axe
              (9 damage)
             ... on level 6 of the Dungeon.
             The game lasted 00:08:27 (7405 turns).

inc the Vexing (Felid Enchanter)                    Turns: 7405, Time: 00:08:28

Health: -1/26      AC:  2    Str:  4    XL:     6   Next: 91%
Magic:  10/10      EV: 23    Int: 17    God:    Dithmenos [......]
Gold:   330        SH:  0    Dex: 23    Spells: 3/9 levels left
                                        Lives:  0   Deaths: 1

rFire    . . .     SeeInvis +     - Unarmed
rCold    . . .     Faith    .   (shield unavailable)
rNeg     . . .     Spirit   .   (armour unavailable)
rPois    +         Reflect  .   (helmet unavailable)
rElec    .         Harm     .   (cloak unavailable)
rCorr    .         Rampage  .   (gloves unavailable)
Will     .....                  (boots unavailable)
Stlth    ++++......             (no amulet)
HPRegen  0.08/turn              m - ring "Ziyg Raoha" {+Fly rPois rF- Dex+5}
MPRegen  0.12/turn              d - ring of protection from fire

@: quick
A: very small, no armour, no weapons or thrown items, stealth, claws 1, fangs 3,
see invisible, speed 1, shaggy fur 2, sharp paws
a: Renounce Religion, Evoke Flight


You were on level 6 of the Dungeon.
You worshipped Dithmenos.
Dithmenos was noncommittal.
You visited 2 branches of the dungeon, and saw 7 of its levels.

You collected 330 gold pieces.

Inventory:

Jewellery
 d - a ring of protection from fire (right paw)
 l - an uncursed ring of resist corrosion
 m - the ring "Ziyg Raoha" (left paw) {+Fly rPois rF- Dex+5}
   (You found it on level 5 of the Dungeon)

   [ring of flight]

   It affects your dexterity (+5).
   It makes you vulnerable to fire.
   It protects you from poison.
   It lets you fly.
Wands
 h - a wand of disintegration (9)
 i - a wand of digging (1)
 k - a wand of polymorph (7)
Scrolls
 a - 2 scrolls of blinking
 c - a scroll of fog
 e - 4 scrolls of teleportation
 g - 6 scrolls of remove curse
 o - a scroll of torment {unknown}
 q - a scroll of amnesia {unknown}
 r - a scroll of random uselessness {unknown}
Potions
 b - 2 potions of mutation {unknown}
 f - 3 potions of curing
 j - a potion of heal wounds {unknown}
 n - a potion of might {unknown}
 p - a potion of lignification {unknown}


   Skills:
 - Level 2.0 Fighting
 + Level 6.0 Dodging
 - Level 5.1 Stealth
 - Level 4.5 Unarmed Combat
 - Level 2.0 Spellcasting
 + Level 6.6 Hexes


You had 3 spell levels left.
You knew the following spells:

 Your Spells              Type           Power        Failure   Level
a - Corona                Hex            26%          1%          1
b - Ensorcelled Hibernat  Hex/Ice        26%          8%          2
c - Confusing Touch       Hex            24%          3%          3

Your spell library contained the following spells:

 Spells                   Type           Power        Failure   Level
 Tukima's Dance           Hex            24%          3%          3
 Dazzling Flash           Conj/Hex       26%          14%         3
 Summon Guardian Golem    Hex/Summ       13%          14%         3
 Beastly Appendage        Tmut           2%           19%         1
 Summon Small Mammal      Summ           4%           19%         1
 Call Imp                 Summ           1%           28%         2
 Wereblood                Tmut           1%           28%         2
 Call Canine Familiar     Summ           1%           50%         3
 Spider Form              Tmut/Pois      0%           50%         3
 Ice Form                 Ice/Tmut       1%           88%         4
 Summon Ice Beast         Ice/Summ       1%           88%         4
 Summon Lightning Spire   Summ/Air       1%           88%         4
 Blade Hands              Tmut           0%           99%         5


Dungeon Overview and Level Annotations

Branches:
Dungeon (6/15)             Temple (1/1) D:5

Altars:
Ashenzari
Cheibriados
Dithmenos
Elyvilon
Fedhas
Gozag
Hepliaklqana
Kikubaaqudgha
Makhleb
Nemelex Xobeh
Okawaru
Qazlal
Ru
Trog
Uskayaw
Vehumet
Wu Jian
Xom
Yredelemnul
Zin

Shops:
D:4 }?[


Innate Abilities, Weirdness & Mutations

You cannot wear armour.
You are incapable of wielding weapons or throwing items.
Your paws allow you to move quietly. (Stealth)
You have sharp claws.
You have razor-sharp teeth.
You have supernaturally acute eyesight. (SInv)
You cover ground quickly.
You are covered in thick fur. (AC +2)
Your sharp claws are effective at attacking unaware monsters.


Message History

You scratch the leopard gecko skeleton. You bite the leopard gecko skeleton.
You destroy the leopard gecko skeleton!
Dithmenos accepts your kill.
(D) Dungeon (T) Temple
Where to? (Enter - D:6, ? - help)
You see here an arrow.
There is a stone staircase leading down here.
You climb downwards.
An orc comes into view. It is wielding a +0 hand axe.
The orc hits you with a +0 war axe!
The orc moves out of view.
There is a stone staircase leading up here.
You scratch the orc but do no damage. The orc hits you with a +0 war axe!
Casting: Confusing Touch (quite dangerous; 3% risk of failure)
Confirm with . or Enter, or press ? or * to list all spells.
Aiming: Ensorcelled Hibernation (safe; 8% risk of failure)
Press: ? - help, Shift-Dir - straight line, f - orc
Aim: an orc, wielding a +0 war axe (chance to affect: 62%)
Okay, then.
The orc hits you with a +0 war axe!
You die...

...#...........# >...
#....#......#....##
....##...........#......
........................
.......................
.##.....................
........................
...#.............o.....#
#......@...o............
###.....o.....$.........
#......................
.............##......_..
#............<..........
..........#............
#.........#...........
#####.........##..##.
........### ##


You could see 2 orcs.

Vanquished Creatures
  An ice beast (D:5)
  An ogre (D:5)
  A centaur (D:5)
  2 centaur zombies (D:5)
  A centaur skeleton (D:5)
  A hound (D:4)
  An orc priest (D:3)
  An orc wizard (D:5)
  2 worker ants (D:4)
  A hound skeleton (D:5)
  3 adders
  An ufetubus (D:5)
  An adder skeleton (D:4)
  A worm (D:2)
  2 dart slugs
  2 leopard geckos
  9 orcs
  2 giant cockroaches (D:2)
  6 goblins
  5 hobgoblins
  7 jackals
  9 kobolds
  3 quokkas (D:5)
  8 bats
  5 frilled lizards
  A giant cockroach zombie (D:5)
  A leopard gecko skeleton (D:5)
  A quokka skeleton (D:4)
  5 rats
84 creatures vanquished.

Vanquished Creatures (others)
  2 orcs (D:6)
2 creatures vanquished.

Grand Total: 86 creatures vanquished

Notes
Turn   | Place    | Note
-------+----------+-------------------------------------------
     0 | D:1      | inc the Felid Enchanter began the quest for the Orb.
     0 | D:1      | Reached XP level 1. HP: 7/7 MP: 4/4
   210 | D:1      | Reached XP level 2. HP: 11/11 MP: 6/6
  1810 | D:1      | Learned a level 2 spell: Ensorcelled Hibernation
  1957 | D:2      | Reached XP level 3. HP: 12/14 MP: 0/7
  3084 | D:3      | Reached XP level 4. HP: 13/18 MP: 5/8
  3569 | D:3      | Found a broken altar of Ashenzari.
  3712 | D:3      | Found a bloodstained altar of Trog.
  3774 | D:4      | Found Reomner's Gadget Boutique.
  3849 | D:4      | Reached XP level 5. HP: 21/21 MP: 4/9
  3977 | D:4      | Found Jytajuas's Armour Shoppe.
  4456 | D:4      | Reached skill level 1 in Fighting
  4816 | D:4      | Found Yseng's Magic Scroll Emporium.
  4985 | D:5      | Entered Level 5 of the Dungeon
  4986 | D:5      | Found a staircase to the Ecumenical Temple.
  4996 | D:5      | Noticed an ice beast
  5010 | Temple   | Entered the Ecumenical Temple
  5187 | Temple   | Became a worshipper of Dithmenos the Shadowed
  5355 | D:5      | Noticed a centaur
  5456 | D:5      | Reached skill level 5 in Stealth
  5780 | D:5      | Found an opulent altar of Gozag.
  5874 | D:5      | Gained mutation: You are covered in thick fur. (AC +2)
                  | [Felid growth]
  5874 | D:5      | Reached XP level 6. HP: 11/26 MP: 10/10
  5913 | D:5      | Shot with an arrow by a centaur
  5914 | D:5      | Reached XP level 5. HP: 0/22 MP: 9/9
  6041 | D:4      | Learned a level 3 spell: Confusing Touch
  6049 | D:5      | Got a heavily runed jade ring
  6051 | D:5      | Identified the ring "Ziyg Raoha" {+Fly rPois rF- Dex+5}
                  | (You found it on level 5 of the Dungeon)
  6066 | D:5      | Found a glowing silver altar of Zin.
  6196 | D:5      | Noticed an ogre
  6199 | D:5      | Killed an ogre
  6200 | D:5      | Reached skill level 5 in Hexes
  6300 | D:5      | Reached XP level 6. HP: 26/26 MP: 10/10
  6442 | D:5      | Reached skill level 5 in Dodging
  7108 | D:5      | Killed an ice beast
  7348 | D:6      | Found a stormy altar of Qazlal.
  7350 | D:6      | Noticed an orc warrior
  7405 | D:6      | Slain by an orc

Illustrated notes

Levels and vault maps discovered:
D:1:      sevenhm_arrival_forest_fort_small_5, layout_loops_ring,
          chequers_serial_rivers_micro_d
D:2:      layout_loops_ring
D:3:      layout_basic, cheibrodos_ashenzari_chains, bloody_trog
D:4:      layout_basic, serial_shops, shop, shop, shop
D:5:      layout_basic, pdpol_temple_overflow_zin_treasury_gozag_greed,
          minmay_temple_entry_arrows, minivault_24
D:6:      layout_cave_pools, grunt_temple_overflow_open, lemuel_flamethrower_2
Temple:   regret_index_temple_generic_petals

Skill      XL: |  1  2  3  4  5  6 |
---------------+-------------------+-----
Unarmed Combat | 2 3 4 |  4.5
Dodging        | 3 4 6 |  6.0
Fighting       | 2 |  2.0
Stealth        | 5 |  5.1
Hexes          | 5 6 |  6.6
Spellcasting   | |  2.0

Action                   |  1- 3 |  4- 6 || total
-------------------------+-------+-------++-------
Melee: Unarmed           |   138 |   147 ||   285
       Bite              |     9 |    22 ||    31
       Punch             |       |     1 ||     1
 Cast: Ensorcelled Hiber |    13 |    28 ||    41
       Confusing Touch   |       |     1 ||     1
  Use: Scroll            |       |     7 ||     7
 Stab: Sleeping          |    19 |    20 ||    39
       Confused          |       |     2 ||     2
Armor: Skin              |     3 |     2 ||     5
Dodge: Dodged            |    96 |   132 ||   228
